 Dungeon Crawl Stone Soup version 0.22-a0-348-gd16d1391c7 (webtiles) character file.

130 Manul the Slasher (level 5, -1/31 HPs)
             Began as a Tengu Gladiator on Apr 7, 2018.
             Slain by a gnoll
             ... wielding a +0 flail
              (9 damage)
             ... on level 4 of the Dungeon.
             The game lasted 00:02:23 (2175 turns).

Manul the Slasher (Tengu Gladiator)                 Turns: 2175, Time: 00:02:24

Health: -1/31      AC:  2    Str: 15    XL:     5   Next: 13%
Magic:  6/6        EV: 14    Int:  2    God:
Gold:   102        SH:  0    Dex: 16    Spells: 4/4 levels left

rFire    x . .     SeeInvis .   a - +1 long sword
rCold    + . .     Gourm    .   (no shield)
rNeg     . . .     Faith    .   n - -1 leather armour (curse)
rPois    +         Spirit   .   c - +0 hat
rElec    .         Reflect  .   (no cloak)
rCorr    .         Harm     .   (no gloves)
MR       .....     Clarity  +   (boots unavailable)
Stlth    +.........             (no amulet)
HPRegen  0.10/turn              m - -6 ring of intelligence (curse)
MPRegen  0.10/turn              l - ring of ice

@: no status effects
A: beak, talons 3, clarity, poison resistance, screaming 1, able to fly 1
a: Fly


You were on level 4 of the Dungeon.
You were very hungry.

You visited 1 branch of the dungeon, and saw 4 of its levels.

You collected 102 gold pieces.

Inventory:

Hand Weapons
 a - a +1 long sword (weapon)
Missiles
 d - 3 throwing nets (quivered)
Armour
 b - a +0 leather armour
 c - a +0 hat (worn)
 e - a +0 ring mail
 n - a cursed -1 leather armour (worn)
Jewellery
 l - a ring of ice (right hand)
 m - a cursed -6 ring of intelligence (left hand)
Scrolls
 h - a scroll of amnesia
Potions
 j - a potion of lignification
Comestibles
 f - 6 rations


   Skills:
 + Level 2.5 Fighting
 + Level 4.8 Long Blades
 + Level 2.1 Throwing
 + Level 1.8 Armour
 + Level 4.1 Dodging
 + Level 0.2 Stealth


You had 4 spell levels left.
You didn't know any spells.

Dungeon Overview and Level Annotations

Branches:
Dungeon (4/15)
 Temple: D:4-7

Altars:

Annotations:
D:3 feamirim's ghost, amateur HaFi


Innate Abilities, Weirdness & Mutations

You have a beak for a mouth.
You have claws for feet.
You can fly.
You possess an exceptional clarity of mind.
Your system is resistant to poisons. (rPois)
You occasionally shout uncontrollably at your foes.


Message History

A jackal comes into view.
The jackal barks!
You hit the gnoll but do no damage. You claw the gnoll, but do no damage.
You peck the gnoll, but do no damage.
The gnoll is almost dead.
You hear a bark!
The gnoll hits you with a spear.
* * * LOW HITPOINT WARNING * * *
You hear a bark!
It was a potion of mutation.
You feel extremely strange.
Your thoughts seem clearer.
You feel the urge to shout.
You feel resistant to poisons. The gnoll barely misses you.
It was a potion of curing.
You feel better. The gnoll hits you with a spear.
* * * LOW HITPOINT WARNING * * *
You closely miss the gnoll.
You kill the gnoll!
You are feeling very hungry.
The gnoll hits you with a flail!
You die... ########. #@gh.$... ########.

You could see a gnoll and a jackal.

Vanquished Creatures
  Natasha (twice) (D:2)
  2 gnolls
  2 dart slugs
  6 bats
  2 giant cockroaches
  6 goblins
  4 hobgoblins
  11 jackals
  7 kobolds
  2 quokkas
  A ball python (D:2)
  2 frilled lizards (D:1)
  4 rats
51 creatures vanquished.

Notes
Turn   | Place    | Note
-------+----------+-------------------------------------------
     0 | D:1      | Manul the Tengu Gladiator began the quest for the Orb.
     0 | D:1      | Reached XP level 1. HP: 12/12 MP: 2/2
    14 | D:1      | Reached XP level 2. HP: 12/17 MP: 3/3
   800 | D:1      | Reached XP level 3. HP: 19/21 MP: 4/4
  1278 | D:2      | Noticed Natasha
  1284 | D:2      | Killed Natasha
  1284 | D:2      | Reached skill level 1 in Armour
  1284 | D:2      | Reached XP level 4. HP: 17/27 MP: 5/5
  1877 | D:2      | Noticed Natasha
  1886 | D:2      | Killed Natasha
  1909 | D:3      | Noticed feamirim's ghost (amateur HaFi)
  2161 | D:3      | Gained mutation: You can fly. [Tengu growth]
  2161 | D:3      | Reached XP level 5. HP: 17/31 MP: 6/6
  2173 | D:4      | Gained mutation: You possess an exceptional clarity of mind. [potion of mutation]
  2173 | D:4      | Gained mutation: You occasionally shout uncontrollably at your foes. [potion of mutation]
  2173 | D:4      | Gained mutation: Your system is resistant to poisons. (rPois) [potion of mutation]
  2175 | D:4      | Slain by a gnoll

Vault maps used:
D:1:      lightli_arrival_chessboard, minmay_misc_feat_five
D:2:      serial_forest, infiniplex_forest_zigzag_1,
          infiniplex_forest_straight_5, infiniplex_forest_straight_2,
          infiniplex_forest_end_2, first_ration, uniq_natasha
D:3:      minmay_misc_feat_tiny, uniq_grinder

Skill      XL: |  1  2  3  4 |
---------------+-------------+-----
Long Blades    | 4 |  4.8
Armour         | 1 |  1.8
Dodging        | 4 |  4.1
Fighting       | |  2.5
Throwing       | |  2.1
Stealth        | |  0.2

Action                   |  1- 3 |  4- 6 || total
-------------------------+-------+-------++-------
Melee: Long sword        |    62 |    30 ||    92
       Kick              |    16 |    11 ||    27
       Peck              |    11 |     6 ||    17
  Use: Scroll            |     5 |     2 ||     7
       Potion            |       |     3 ||     3
  Eat: Chunk             |     1 |     2 ||     3
Armor: Leather armour    |     6 |     6 ||    12
       Ring mail         |     7 |       ||     7
Dodge: Dodged            |    48 |    28 ||    76
       Rpst.: Long sword |    16 |    11 ||    27

Table legend:
 A = Spawn XP
 B = Non-spawn XP
 C = Spawn XP percentage of total XP
 D = Spawn monster count
 E = Non-spawn monster count
 F = Spawn count percentage of total count
 G = Total turns spent on level
                    A         B        C        D         E        F      G
               +---------+---------+-------+---------+---------+-------+---------
         Total |       0 |     186 |   0.0 |       0 |      51 |   0.0 |  2175
               +---------+---------+-------+---------+---------+-------+---------
           D:1 |       0 |      43 |   0.0 |       0 |      24 |   0.0 |  1119
           D:2 |       0 |     103 |   0.0 |       0 |      19 |   0.0 |  1022
           D:3 |       0 |      26 |   0.0 |       0 |       7 |   0.0 |    25
           D:4 |       0 |      14 |   0.0 |       0 |       1 |   0.0 |     9
               +---------+---------+-------+---------+---------+-------+---------
